 Dungeon Crawl Stone Soup version 0.30-a0-1035-g38d5fb2972 (webtiles) character file.

Game seed: 17193700985493568412

13543 greenreed the Thaumaturge (level 11, -6/47 HPs)
             Began as a Spriggan Conjurer on Apr 8, 2023.
             Was a Priest of Sif Muna.
             Killed by divine providence
             ... invoked by a meliai
              (14 damage)
             ... on level 12 of the Dungeon.
             The game lasted 00:31:43 (12718 turns).

greenreed the Thaumaturge (Spriggan Conjurer)      Turns: 12718, Time: 00:31:48

Health: -6/47      AC:  7    Str:  3    XL:     11   Next: 77%
Magic:  28/30      EV: 23    Int: 24    God:    Sif Muna [***...]
Gold:   389        SH:  0    Dex: 14    Spells: 33/39 levels left

rFire   . . .      SeeInvis +    y - staff of conjuration
rCold   + . .      Faith    .    (shield currently unavailable)
rNeg    . . .      Spirit   .    I - +2 robe {rC+}
rPois   .          Reflect  .    (helmet restricted)
rElec   .          Rampage  .    m - +2 cloak
rCorr   +                        (gloves unavailable)
Will    +....                    (boots unavailable)
Stlth   ++                       E - amulet of magic regeneration
HPRegen 0.27/turn                e - ring of resist corrosion
MPRegen 0.62/turn                s - +4 ring of slaying

@: very quick
A: very small, no large weapons, unfitting armour, see invisible, speed 3
a: Renounce Religion, Channel Magic, Forget Spell


You were on level 12 of the Dungeon.
You worshipped Sif Muna.
Sif Muna was most pleased with you.
You visited 2 branches of the dungeon, and saw 13 of its levels.

You collected 610 gold pieces.
You spent 221 gold pieces at shops.

Inventory:

Hand Weapons
 z - the +10 long sword "Sovvajel" {heavy, rElec rCorr Stlth+}
   (You found it on level 6 of the Dungeon)

   rElec:     It insulates you from electricity.
   rCorr:     It protects you from acid and corrosion.
   Stlth:     It makes you more stealthy.
Missiles
 G - 2 throwing nets
Armour
 m - a +2 cloak (worn)
 I - a +2 robe of cold resistance (worn)
Magical Staves
 y - a staff of conjuration (weapon)
Jewellery
 e - a ring of resist corrosion (left hand)
 s - a +4 ring of slaying (right hand)
 D - a +6 ring of strength
 E - an amulet of magic regeneration (around neck)
 H - a +5 ring of evasion
Wands
 a - a wand of flame (10)
 t - a wand of polymorph (16)
 A - a wand of mindburst (15)
 J - a wand of iceblast (7)
Scrolls
 c - a scroll of acquirement {unknown}
 h - 2 scrolls of noise
 j - 2 scrolls of vulnerability
 l - 8 scrolls of teleportation
 n - 2 scrolls of fog
 o - 2 scrolls of magic mapping
 p - 5 scrolls of amnesia
 r - 2 scrolls of blinking
 v - 2 scrolls of enchant weapon
 w - a scroll of torment
 x - a scroll of poison {unknown}
Potions
 b - 2 potions of magic
 d - a potion of attraction {unknown}
 f - 5 potions of cancellation
 g - 2 potions of heal wounds
 i - 9 potions of curing
 k - a potion of brilliance {unknown}
 q - 2 potions of mutation {unknown}
 u - 3 potions of flight
 B - 3 potions of lignification
 C - 2 potions of might {unknown}
 F - a potion of degeneration {unknown}


   Skills:
 + Level 11.5 Dodging
 - Level 3.1 Stealth
 * Level 14.5 Spellcasting
 * Level 9.9 Conjurations


You had 33 spell levels left.
You knew the following spells:

 Your Spells              Type           Power      Damage    Failure   Level
a - Magic Dart            Conj           100%       1d8       1%          1
b - Searing Ray           Conj           100%       2d8       1%          2
c - Dazzling Flash        Conj/Hex       100%       N/A       1%          3

Your spell library contained the following spells:

 Spells                   Type           Power      Damage    Failure   Level
 Kiss of Death            Conj/Necr      100%       2d13      1%          1
 Static Discharge         Conj/Air       100%       2-7/arc   1%          2
 Necrotise                Necr           68%        1d7       3%          1
 Cigotuvi's Dreadful Rot  Necr/Pois/Air  34%        N/A       4%          2
 Sublimation of Blood     Necr           17%        N/A       4%          2
 Fulminant Prism          Conj/Hex       29%        3d14      4%          4
 Iskenderun's Mystic Bla  Conj/Tloc      58%        2d12      4%          4
 Sticky Flame             Conj/Fire      58%        2d7       4%          4
 Confusing Touch          Hex            17%        N/A       10%         3
 Ignite Poison            Fire/Tmut/Pois 17%        N/A       10%         3
 Vampiric Draining        Necr           17%        2d7       10%         3
 Irradiate                Conj/Tmut      29%        3d21      12%         5
 Airstrike                Air            8%         2d(2-18)  32%         4
 Dispel Undead            Necr           17%        3d10      32%         4
 Petrify                  Tmut/Erth      17%        N/A       32%         4
 Summon Lightning Spire   Summ/Air       17%        N/A       32%         4
 Agony                    Necr           17%        N/A       67%         5
 Death Channel            Necr           8%         N/A       99%         6
 Ignition                 Fire           8%         3d5       100%        8


Dungeon Overview and Level Annotations

Branches:
Dungeon (12/15)            Temple (1/1) D:4            Lair (0/5) D:11
    Orc (0/2) D:11

Altars:
Ashenzari
Cheibriados
Dithmenos
Elyvilon
Fedhas
Gozag
Hepliaklqana
Kikubaaqudgha
Makhleb
Nemelex Xobeh
Okawaru
Qazlal
Ru
Sif Muna
Trog
Uskayaw
Vehumet
Wu Jian
Xom
Yredelemnul
Zin
The Shining One

Shops:
D:1 *   D:10 ?*(*   D:11 ?


Innate Abilities, Weirdness & Mutations

You are very small and have problems with some larger weapons.
You are too small for most types of armour.
You have supernaturally acute eyesight. (SInv)
You cover ground extremely quickly. (Speed+++)


Message History

Press: ? - help, Shift-Dir - straight line, f/p - manticore
Aim: a manticore (almost dead, 90% to hit)
You feel a surge of power!
The searing ray misses the manticore. (Press . to maintain the ray.)
The manticore misses you.
The manticore claws you but does no damage.
The manticore completely misses you.
The searing ray hits the manticore!
You kill the manticore!
Sif Muna accepts your kill.
You start resting.
You carefully extract the barbed spikes from your body.
Magic restored.
HP restored.
Found an escape hatch in the ceiling.
Found a stone staircase leading down.
A meliai comes into view. It is wielding a +0 war axe.
Casting: Searing Ray (safe; 1% risk of failure)
Confirm with . or Enter, or press ? or * to list all spells.
Aiming: Searing Ray (safe; 1% risk of failure)
Press: ? - help, Shift-Dir - straight line, f - meliai
Aim: a meliai, wielding a +0 war axe and wearing a +0 robe (74% to hit)
You feel a surge of power!
The searing ray hits the meliai!
The meliai is moderately wounded. (Press . to maintain the ray.)
The meliai misses you. The meliai completely misses you.
The meliai calls down the wrath of its god upon you.
Something smites you!
The searing ray hits the meliai.
The meliai is heavily wounded.
The meliai hits you with a +0 war axe! The meliai completely misses you.
The meliai hits you with a +0 war axe. The meliai completely misses you.
The searing ray hits the meliai!
The meliai is almost dead.
The meliai mumbles some strange prayers to its god against you.
Something smites you!
* * * LOW HITPOINT WARNING * * *
The meliai invokes the aid of its god against you.
Something smites you!
You die...

... #... ###..
#####...# ###.......#
.............#..#
........#...>#..# #
................#.##
#.#...#.#.....#@y..#
#.#...#.####.##.....#
#.#...#.#.....#.....#
#.#...#.#.##<##.....#
#.#...#.#.##.###....#
#.........##.. #.##..
###...##..###### ##
... ##.###.......# #.
#####.........###


You could see a meliai.

Vanquished Creatures
  4 two-headed ogres
  An ugly thing (D:8)
  A deep elf pyromancer (D:12)
  2 cyclopes
  2 manticores (D:12)
  A gargoyle (D:11)
  An unseen horror (D:11)
  6 kobold demonologists
  3 trolls
  2 wraiths
  A shadow (D:6)
  16 yaks
  3 steam dragons
  2 water moccasins
  2 ice beasts
  4 orc warriors
  An ogre (D:4)
  A centaur (D:10)
  6 kobold brigands
  A bullfrog (D:7)
  A gnoll sergeant (D:8)
  3 scorpions
  9 wights
  2 howler monkeys (D:7)
  6 orc priests
  A jelly (D:6)
  4 hounds
  A gnoll bouda (D:8)
  Ijyb (D:5)
  A sleepcap (D:7)
  3 orc wizards
  An iguana (D:4)
  15 gnolls
  11 adders
  A shadow imp (D:5)
  3 white imps
  A worm (D:3)
  3 dart slugs
  28 orcs
  8 ball pythons
  6 bats
  6 endoplasms
  5 giant cockroaches
  3 goblins
  2 hobgoblins (D:2)
  3 frilled lizards
  29 kobolds
  4 rats
221 creatures vanquished.

Vanquished Creatures (others)
  A plant (D:1)
1 creature vanquished.

Grand Total: 222 creatures vanquished

Notes
Turn   | Place    | Note
-------+----------+-------------------------------------------
     0 | D:1      | greenreed the Spriggan Conjurer began the quest for the
                  | Orb.
     0 | D:1      | Reached XP level 1. HP: 9/9 MP: 5/5
    58 | D:1      | Found Ydwiun's Assorted Antiques.
   222 | D:1      | Reached skill level 3 in Spellcasting
   236 | D:1      | Reached XP level 2. HP: 13/13 MP: 5/7
  1306 | D:2      | Reached XP level 3. HP: 16/16 MP: 0/9
  1309 | D:2      | Learned a level 2 spell: Searing Ray
  1516 | D:2      | Reached XP level 4. HP: 21/21 MP: 1/10
  1682 | D:2      | Reached skill level 4 in Spellcasting
  1945 | D:3      | Found a broken altar of Ashenzari.
  1945 | D:3      | Found a white marble altar of Elyvilon.
  2714 | D:4      | Noticed an ogre
  2813 | D:4      | Killed an ogre
  2814 | D:4      | Reached XP level 5. HP: 24/24 MP: 4/13
  2938 | D:4      | Reached skill level 5 in Spellcasting
  3045 | D:4      | Found a blossoming altar of Fedhas.
  3072 | D:4      | Reached XP level 6. HP: 24/28 MP: 4/15
  3377 | D:4      | Found a staircase to the Ecumenical Temple.
  3383 | Temple   | Entered the Ecumenical Temple
  3607 | Temple   | Became a worshipper of Sif Muna the Loreminder
  3809 | D:5      | Entered Level 5 of the Dungeon
  3809 | D:5      | Noticed Ijyb
  3809 | D:5      | Noticed an ice beast
  4006 | D:5      | Reached skill level 6 in Spellcasting
  4111 | D:5      | Killed an ice beast
  4112 | D:5      | Reached skill level 5 in Dodging
  4112 | D:5      | Reached XP level 7. HP: 29/32 MP: 0/17
  4472 | D:5      | Reached skill level 5 in Conjurations
  4627 | D:6      | Reached skill level 7 in Spellcasting
  4822 | D:6      | Identified the +10 long sword "Sovvajel" {heavy, rElec
                  | rCorr Stlth+}
  4887 | D:6      | Reached * piety under Sif Muna
  5108 | D:5      | Killed Ijyb
  5109 | D:5      | Reached XP level 8. HP: 36/36 MP: 11/20
  5677 | D:6      | Reached skill level 8 in Spellcasting
  6186 | D:7      | Reached skill level 9 in Spellcasting
  6534 | D:8      | Reached XP level 9. HP: 39/39 MP: 14/23
  6753 | D:8      | Noticed a troll
  6755 | D:8      | Reached ** piety under Sif Muna
  6914 | D:8      | Killed a troll
  6915 | D:8      | Reached skill level 10 in Spellcasting
  6937 | D:8      | Found a radiant altar of Vehumet.
  7375 | D:8      | Noticed a brown ugly thing
  7453 | D:8      | Killed a brown ugly thing
  7469 | D:8      | Reached skill level 11 in Spellcasting
  7648 | D:8      | Noticed a troll
  7658 | D:8      | Killed a troll
  7693 | D:8      | Reached XP level 10. HP: 44/44 MP: 22/26
  7705 | D:8      | Noticed a cyclops
  7984 | D:8      | Killed a cyclops
  8357 | D:8      | Paralysed by a hornet for 3 turns
  8905 | D:9      | Reached skill level 12 in Spellcasting
  9095 | D:9      | Noticed a two-headed ogre
  9122 | D:9      | Killed a two-headed ogre
  9507 | D:9      | Noticed a two-headed ogre
  9558 | D:9      | Killed a two-headed ogre
  9559 | D:9      | Reached skill level 10 in Dodging
  9819 | D:10     | Entered Level 10 of the Dungeon
  9937 | D:10     | Found Tapillelu's Magic Scroll Emporium.
  9942 | D:10     | Bought a scroll of identify for 26 gold pieces
  9942 | D:10     | Bought a scroll of teleportation for 39 gold pieces
  9949 | D:10     | Bought a scroll of identify for 26 gold pieces
  9949 | D:10     | Bought a scroll of identify for 26 gold pieces
  9949 | D:10     | Bought a scroll of identify for 26 gold pieces
  9949 | D:10     | Bought a scroll of identify for 26 gold pieces
  9973 | D:10     | Found Poinug's Assorted Antiques.
 10243 | D:10     | Reached skill level 13 in Spellcasting
 10247 | D:10     | Reached *** piety under Sif Muna
 10374 | D:10     | Found Hidou's General Store.
 10480 | D:10     | Found Payt's Weapon Shop.
 10550 | D:11     | Noticed a two-headed ogre
 10630 | D:11     | Noticed a boulder beetle
 10649 | D:11     | Noticed a gargoyle
 10649 | D:11     | Found Adghoyb Ruco's Magic Scroll Emporium.
 10656 | D:10     | Learned a level 3 spell: Dazzling Flash
 11112 | D:11     | Killed a two-headed ogre
 11113 | D:11     | Reached XP level 11. HP: 28/47 MP: 24/29
 11326 | D:11     | Bought 2 scrolls of identify for 52 gold pieces
 11421 | D:11     | Found a staircase to the Lair.
 11459 | D:11     | Noticed a soul eater
 12040 | D:11     | Found a staircase to the Orcish Mines.
 12147 | D:11     | Reached skill level 14 in Spellcasting
 12374 | D:12     | Noticed a two-headed ogre
 12383 | D:12     | Killed a two-headed ogre
 12401 | D:12     | Found a basalt altar of Yredelemnul.
 12455 | D:12     | Noticed a deep elf pyromancer
 12476 | D:12     | Killed a deep elf pyromancer
 12718 | D:12     | Killed from afar by a meliai

Illustrated notes

Levels and vault maps discovered:
D:1:      dpeg_arrival_boxes_within_box, layout_rooms, serial_bayou,
          serial_bayou_shore_a, serial_bayou_pond_a, serial_bayou_pond_e,
          serial_bayou_lagoon_b, serial_shops, shop
D:2:      layout_rooms
D:3:      layout_basic, nicolae_overflow_two_pavilions
D:4:      layout_rooms, old_standard_altar, minmay_temple_entry_fiery
D:5:      layout_rooms, uniq_ijyb
D:6:      layout_cave_pools
D:7:      layout_cave_pools
D:8:      layout_loops_cross, nicolae_vehumet_radiance, kb_rosetta
D:9:      layout_loops_corners, st_stairs_8, library_closet,
          kennysheep_flooded_box
D:10:     layout_basic, serial_shops, nicolae_shop_bloodbath_and_beyond, shop,
          shop_statue, shop_statue
D:11:     layout_layer_cave, dpeg_oklobed_lair, orc_0_dummy, serial_shops,
          nicolae_shop_hallway_stairs
D:12:     regret_index_combs_of_tragedy, layout_loops_cross,
          yredelemnul_altar_generic
Temple:   mainiacjoe_temple_bowtie_tessellation

Skill      XL: |  1  2  3  4  5  6  7  8  9 10 11 |
---------------+----------------------------------+-----
Conjurations   | 3 4 5 6 7 9 |  9.9
Spellcasting   | 3 4 5 6 7 9 11 13 14 | 14.5
Dodging        | 3 4 5 7 8 10 11 | 11.5
Stealth        | |  3.1

Action                     |  1- 3 |  4- 6 |  7- 9 | 10-12 || total
---------------------------+-------+-------+-------+-------++-------
   Cast: Magic Dart        |    63 |    84 |   185 |   112 ||   444
         Searing Ray       |     2 |    15 |    54 |    86 ||   157
         Dazzling Flash    |       |       |       |     4 ||     4
    Use: Scroll            |       |       |       |    13 ||    13
 Armour: Robe              |       |     2 |     1 |    11 ||    14
  Dodge: Dodged            |     1 |    18 |    33 |   104 ||   156

Table legend: (Time is in decaauts)
 A = Elapsed time spent in this place.
 B = Non-inter-level travel time spent in this place.
 C = Inter-level travel time spent in this place.
 D = Time resting spent in this place.
 E = Time spent auto-exploring this place.
 F = Levels seen in this place.
 G = Mean time per level.
                   A        B        C        D        E       F      G
               +--------+--------+--------+--------+--------+-----+--------+
         Total |   9898 |   9544 |    354 |   1202 |   6548 |  13 |  761.4 |
       Dungeon |   9738 |   9405 |    333 |   1202 |   6426 |  12 |  811.5 |
        Temple |    159 |    139 |     20 |      0 |    122 |   1 |  159.0 |
               +--------+--------+--------+--------+--------+-----+--------+

Top non-repeatable levels by time:
     D:9: 1364 daAuts
     D:8: 1239 daAuts
    D:11: 944 daAuts
     D:4: 938 daAuts
     D:5: 822 daAuts
     D:2: 812 daAuts
     D:7: 768 daAuts
     D:3: 679 daAuts
     D:1: 651 daAuts
    D:10: 639 daAuts
     D:6: 568 daAuts
    D:12: 308 daAuts
  Temple: 159 daAuts
